 Dungeon Sprint DCSS version 0.31-a0-43-g46d131a48f (webtiles) character file.

Game seed: 15768232459961847260

194745 bmack86 the Axe Maniac (level 18, 0/300 HPs)
             Began as a Minotaur Fighter on May 19, 2023.
             Was the Champion of Qazlal.
             Killed from afar by an Ice Fiend (11 damage)
             ... with a bolt of cold
             ... in the Dungeon (Sprint V: "Ziggurat Sprint").
             The game lasted 00:58:08 (2456 turns).

bmack86 the Axe Maniac (Minotaur Fighter)           Turns: 2456, Time: 00:58:10

Health: 0/300      AC: 54    Str: 33    XL:     18   Next: 10%
Magic:  53/53      EV: 10    Int:  9    God:    Qazlal [******]
Gold:   0          SH: 43    Dex: 10    Spells: 17/17 levels left

rFire   . . .        E - +16 obsidian axe {drain, demonic, Mesm Drain Fly SInv}
rCold   + . .        C - +18 shield of the Gong {Loud rN+ Will+ rCorr EV-5}
rNeg    + . .        D - +15 Maxwell's patent armour {-Cast -Tele rElec Will+ rCorr}
rPois   .            b - +3 hat of Pondering {ponderous, Will+ MP+10 Int+5}
rElec   +            J - +2 cloak {Will+}
rCorr   +            Z - +2 pair of gloves {Str+3}
SInv    +            k - +0 pair of boots "Alechelo" {rElec Will- Regen+ MP+9}
Will    +++++        B - necklace of Bloodlust {Fury *Rage Will++ Int-3 Slay+6} Stlth
                     O - +4 ring of protection
HPRegen 1.50/turn    n - ring "Obyeloro" {Will++ Str+3 Int+2 Slay+4}
MPRegen 0.33/turn

%: no teleportation, no spellcasting, random rage (50%), repel missiles
@: berserking, protected from cold, flying, mesmerised, studying 4 skills, very
quick
A: horns 2, retaliatory headbutt, clumsy 1, deterioration 1
a: Renounce Religion, Upheaval, Elemental Force, Disaster Area


You were in the Dungeon.
You worshipped Qazlal.
Qazlal was exalted by your worship.
You visited 1 branch

Inventory:

Hand Weapons
 E - the +16 obsidian axe (weapon) {drain, demonic, Mesm Drain Fly SInv}
   (You found it in the Dungeon)

   Mesm:      Its wielder is mesmerised by any visible foes, and it cannot be
   unequipped while any foes are visible.
   SInv:      It lets you see invisible.
   Fly:       It grants you flight.
   Drain:     It drains your maximum health when unequipped.
 Y - the +3 broad axe "Orb Guardian's Death" {flame, *Rage MP+9 Str+10 Dex-5}
   (You took it off a purple draconian in the Dungeon)

   Str:       It affects your strength (+10).
   Dex:       It affects your dexterity (-5).
   MP:        It affects your magic capacity (+9).
   *Rage:     It berserks you when you make melee attacks (+20% chance).
Missiles
 M - 3 silver boomerangs
 R - a silver javelin
 S - 6 javelins
Armour
 b - the +3 hat of Pondering (worn) {ponderous, Will+ MP+10 Int+5}
   (You found it in the Dungeon)

   Int:       It affects your intelligence (+5).
   MP:        It affects your magic capacity (+10).
   Will:      It increases your willpower.
 k - the +0 pair of boots "Alechelo" (worn) {rElec Will- Regen+ MP+9}
   (You found it in the Dungeon)

   rElec:     It insulates you from electricity.
   MP:        It affects your magic capacity (+9).
   Regen:     It increases your rate of health regeneration.
   Will:      It decreases your willpower.
 C - the +18 shield of the Gong (worn) {Loud rN+ Will+ rCorr EV-5}
   (You found it in the Dungeon)

   Loud:      It is deafeningly noisy when blocking attacks.
   EV:        It affects your evasion (-5).
   rN:        It protects you from negative energy.
   rCorr:     It protects you from acid and corrosion.
   Will:      It increases your willpower.
 D - the +15 Maxwell's patent armour (worn) {-Cast -Tele rElec Will+ rCorr}
   (You found it in the Dungeon)

   rElec:     It insulates you from electricity.
   -Cast:     It prevents spellcasting.
   -Tele:     It prevents most forms of teleportation.
   rCorr:     It protects you from acid and corrosion.
   Will:      It increases your willpower.
 J - a +2 cloak of willpower (worn)
 Z - a +2 pair of gloves of strength (worn)
Jewellery
 n - the ring "Obyeloro" (right hand) {Will++ Str+3 Int+2 Slay+4}
   (You found it in the Dungeon)

   [ring of slaying]

   Str:       It affects your strength (+3).
   Int:       It affects your intelligence (+2).
   Slay:      It affects your accuracy & damage with ranged weapons and melee
   (+4).
   Will:      It greatly increases your willpower.
 v - the ring "Kusacize" {EV+5 Str+5}
   (You took it off a draconian shifter in the Dungeon)

   [ring of evasion]

   EV:        It affects your evasion (+5).
   Str:       It affects your strength (+5).
 z - an amulet of reflection
 B - the necklace of Bloodlust (around neck) {Fury *Rage Will++ Int-3 Slay+6}
   (You took it off a skeletal warrior in the Dungeon)

   [amulet of nothing]

   Fury:      It extends the wearer's berserk rage when killing foes.
   Int:       It affects your intelligence (-3).
   Slay:      It affects your accuracy & damage with ranged weapons and melee
   (+6).
   *Rage:     It berserks you when you make melee attacks (+50% chance).
   Will:      It greatly increases your willpower.
 I - the amulet "Effec" {Will+ Regen+ rCorr}
   (You found it in the Dungeon)

   [amulet of regeneration]

   Regen:     It increases your rate of health regeneration.
   rCorr:     It protects you from acid and corrosion.
   Will:      It increases your willpower.
 O - a +4 ring of protection (left hand)
Wands
 a - a wand of polymorph (10)
 s - a wand of mindburst (50) (quivered)
 t - a wand of iceblast (58)
 u - a wand of quicksilver (23)
 A - a wand of digging (5)
 H - a wand of charming (10)
 U - a wand of flame (82)
Scrolls
 j - 4 scrolls of blinking
 l - 15 scrolls of enchant armour
 p - 8 scrolls of fog
Potions
 d - 4 potions of might
 e - 9 potions of curing
 f - 21 potions of heal wounds
 g - 8 potions of haste
 h - 5 potions of magic
 i - 2 potions of berserk rage
 m - 4 potions of resistance


   Skills:
 O Level 27 Fighting
 O Level 27 Axes
 + Level 16.6 Throwing
 O Level 27 Armour
 + Level 18.1 Dodging
 + Level 15.4 Stealth
 O Level 27 Shields
 O Level 27 Invocations
 + Level 17.2 Evocations


You had 17 spell levels left.
You didn't know any spells.
Your spell library contained the following spells:

 Spells                   Type           Power      Damage    Failure   Level
 Apportation              Tloc           0%         N/A       71%         1
 Magic Dart               Conj           0%         1d3       71%         1
 Necrotise                Necr           0%         1d4       71%         1
 Sting                    Tmut/Pois      0%         1d3       71%         1
 Summon Small Mammal      Summ           0%         N/A       71%         1
 Blink                    Tloc           0%         N/A       83%         2
 Call Imp                 Summ           0%         N/A       83%         2
 Cigotuvi's Dreadful Rot  Necr/Pois/Air  0%         N/A       83%         2
 Lesser Beckoning         Tloc           0%         N/A       83%         2
 Momentum Strike          Conj/Tloc      0%         3d8       83%         2
 Passwall                 Tmut/Erth      0%         N/A       83%         2
 Poisonous Vapours        Pois/Air       0%         N/A       83%         2
 Searing Ray              Conj           0%         2d4       83%         2
 Static Discharge         Conj/Air       0%         2-2/arc   83%         2
 Sublimation of Blood     Necr           0%         N/A       83%         2
 Dazzling Flash           Conj/Hex       0%         N/A       97%         3
 Gell's Gravitas          Tloc           0%         N/A       97%         3
 Ignite Poison            Fire/Tmut/Pois 0%         N/A       97%         3
 Inner Flame              Hex/Fire       0%         N/A       97%         3
 Mephitic Cloud           Conj/Pois/Air  0%         N/A       97%         3
 Portal Projectile        Hex/Tloc       0%         N/A       97%         3
 Stone Arrow              Conj/Erth      0%         3d7       97%         3
 Summon Guardian Golem    Hex/Summ       0%         N/A       97%         3
 Tukima's Dance           Hex            0%         N/A       97%         3
 Vampiric Draining        Necr           0%         2d6       97%         3
 Vhi's Electric Charge    Tloc/Air       0%         N/A       97%         3
 Volatile Blastmotes      Fire/Tloc      0%         2d10      97%         3
 Airstrike                Air            0%         2d(0-16)  100%        4
 Animate Armour           Summ/Erth      0%         N/A       100%        4
 Animate Dead             Necr           0%         N/A       100%        4
 Dispel Undead            Necr           0%         3d6       100%        4
 Flame Wave               Conj/Fire      0%         2d4       100%        4
 Fulminant Prism          Conj/Hex       0%         3d5       100%        4
 Iskenderun's Mystic Bla  Conj/Tloc      0%         2d3       100%        4
 Manifold Assault         Tloc           0%         N/A       100%        4
 Olgreb's Toxic Radiance  Pois           0%         N/A       100%        4
 Passage of Golubria      Tloc           0%         N/A       100%        4
 Sticky Flame             Conj/Fire      0%         2d3       100%        4
 Summon Lightning Spire   Summ/Air       0%         N/A       100%        4
 Agony                    Necr           0%         N/A       100%        5
 Alistair's Intoxication  Tmut/Pois      0%         N/A       100%        5
 Arcjolt                  Conj/Air       0%         1d10      100%        5
 Blade Hands              Tmut           0%         N/A       100%        5
 Borgnjor's Vile Clutch   Necr/Erth      0%         N/A       100%        5
 Fireball                 Conj/Fire      0%         3d3       100%        5
 Freezing Cloud           Conj/Ice/Air   0%         6-21      100%        5
 Irradiate                Conj/Tmut      0%         3d11      100%        5
 Iskenderun's Battlesphe  Conj           0%         2d6       100%        5
 Lee's Rapid Deconstruct  Erth           0%         3d4*      100%        5
 Metabolic Englaciation   Hex/Ice        0%         N/A       100%        5
 Silence                  Hex/Air        0%         N/A       100%        5
 Summon Forest            Summ/Tloc      0%         N/A       100%        5
 Summon Mana Viper        Hex/Summ       0%         N/A       100%        5
 Yara's Violent Unravell  Hex/Tmut       0%         3d3       100%        5
 Conjure Ball Lightning   Conj/Air       0%         3x3d6     100%        6
 Death Channel            Necr           0%         N/A       100%        6
 Dispersal                Tloc           0%         N/A       100%        6
 Eringya's Noxious Bog    Tmut/Pois      0%         N/A       100%        6
 Iron Shot                Conj/Erth      0%         9d1       100%        6
 Plasma Beam              Fire/Air       0%         2x1d11    100%        6
 Starburst                Conj/Fire      0%         6d3       100%        6
 Summon Cactus Giant      Summ           0%         N/A       100%        6
 Dragon Form              Tmut           0%         N/A       100%        7
 Enfeeble                 Hex            0%         N/A       100%        7
 Haunt                    Necr/Summ      0%         N/A       100%        7
 Malign Gateway           Summ/Tloc      0%         N/A       100%        7
 Orb of Destruction       Conj           0%         9d5       100%        7
 Spellforged Servitor     Conj/Summ      0%         N/A       100%        7
 Storm Form               Tmut/Air       0%         N/A       100%        7
 Summon Hydra             Summ           0%         N/A       100%        7
 Borgnjor's Revivificati  Necr           0%         N/A       100%        8
 Discord                  Hex            0%         N/A       100%        8
 Disjunction              Tloc           0%         N/A       100%        8
 Ignition                 Fire           0%         3d3       100%        8
 Infestation              Necr           0%         N/A       100%        8
 Maxwell's Capacitive Co  Air            0%         ∞         100%        8
 Necromutation            Tmut/Necr      0%         N/A       100%        8
 Summon Horrible Things   Summ           0%         N/A       100%        8
 Chain Lightning          Conj/Air       0%         N/A       100%        9
 Death's Door             Necr           0%         N/A       100%        9


Dungeon Overview and Level Annotations

Branches:
Dungeon (1/1)

Altars:
Ashenzari
Cheibriados
Dithmenos
Elyvilon
Fedhas
Gozag
Hepliaklqana
Kikubaaqudgha
Makhleb
Nemelex Xobeh
Okawaru
Qazlal
Ru
Sif Muna
Trog
Uskayaw
Vehumet
Wu Jian
Xom
Yredelemnul
Zin
The Shining One
Jiyva
Lugonu


Innate Abilities, Weirdness & Mutations

You have a pair of horns on your head.
You reflexively headbutt those who attack you in melee.
You are clumsy. (Dex -2)
Your body sometimes deteriorates upon taking damage.


Message History

The ball python simulacrum vaporises!
Qazlal accepts your kill.
You slash the blizzard demon! You slice the blizzard demon!!
Unknown command.
You slice the freezing wraith like a ripe choko!!!
You destroy the freezing wraith!
Qazlal accepts your kill.
You slash the blizzard demon! x2
Your sun demon is engulfed in freezing vapours.
The blizzard demon is engulfed in freezing vapours.
You block the blizzard demon's attack.
GONNNNG!
You block the blizzard demon's attack.
PANG!
You block the blizzard demon's attack.
GONNNNG!
The blizzard demon closely misses you. The ice dragon breathes frost at you.
The blast of cold hits the Ice Fiend.
The Ice Fiend completely resists.
The blast of cold hits the ice beast.
The ice beast completely resists.
The blast of cold hits you! You resist.
You feel more protected from cold.
* * * LOW HITPOINT WARNING * * *
The frost giant gestures at you while chanting.
The bolt of cold hits the white imp.
The white imp resists.
The bolt of cold hits the adder simulacrum.
The adder simulacrum completely resists.
The bolt of cold hits you but does no damage.
You feel more protected from cold.
The Ice Fiend calls on the powers of darkness!
The frost giant convulses!
The ice dragon convulses!
The rime drake convulses!
The ice beast convulses!
The frost giant convulses!
The ice beast convulses!
The rime drake convulses!
The polar bear convulses!
The frost giant convulses! x2
The ice dragon convulses!
Your body is wracked with pain!
* * * LOW HITPOINT WARNING * * *
The ice beast convulses!
The polar bear convulses!
The Ice Fiend gestures at you.
The bolt of cold hits the ice beast.
The ice beast completely resists.
The bolt of cold hits you! You resist.
You die...

)"...▓ ).:).▓
)":|::/)/)|=[[=".
..[..▓
..../[)[==)......
.|...▓
......k2YWZ......
.....▓
....Z..WDC1......
.....▓
....5hYCk5.Z.....
.....▓
....DZC4WCW2.....
.....▓
▓.§§12Z2...▓
.....▓
.▓▓▓§h§Y@2☼.▓▓
.....▓
..▓..§.°☼23..▓.
.....▓
......§.○°§......
.≈..
......○○○☼.......
....
......○☼○........
▓..≈
..▓..........▓...
▓▓.. .
▓▓........▓▓▓..
▓...
..▓..........▓...
≈..
...............


You could see 4 frost giants, 2 Ice Fiends, 2 ice dragons, 6 blizzard demons, 2
polar bears, an ice devil, 4 freezing wraiths, 2 rime drakes, 3 ice beasts, 2
white imps, 2 ball python simulacra, an adder simulacrum, a quokka simulacrum, a
jackal simulacrum and a friendly sun demon (summoned).

Vanquished Creatures
  A dread lich (D)
  A juggernaut (shapeshifter) (D)
  3 shard shrikes (shapeshifter) (D)
  2 bone dragons (D)
  A profane servitor (D)
  3 pandemonium lords (D)
  An Ice Fiend (D)
  A titan (D)
  4 deep elf blademasters (D)
  4 liches (D)
  2 Orb Guardians (D)
  A titan (shapeshifter) (D)
  11 deep elf master archers (D)
  A death cob (D)
  A shadow dragon (D)
  A draconian monk (D)
  2 rockslimes (shapeshifter) (D)
  4 balrugs (D)
  2 frost giants (D)
  8 deep elf sorcerers (D)
  2 draconian scorchers (D)
  A frost giant (shapeshifter) (D)
  2 ghouls (D)
  2 draconian annihilators (D)
  A cacodemon (D)
  2 ghost moths (shapeshifter) (D)
  A draconian shifter (D)
  An angel (D)
  A draconian stormcaller (D)
  3 stone giants (D)
  A very ugly thing (D)
  8 vampire knights (D)
  5 green draconians (D)
  4 deep elf annihilators (D)
  7 black draconians (D)
  7 purple draconians (D)
  6 white draconians (D)
  A demonspawn black sun (D)
  8 red draconians (D)
  3 yellow draconians (D)
  A dire elephant (shapeshifter) (D)
  A fire dragon (shapeshifter) (D)
  2 blizzard demons (D)
  A green death (D)
  5 merfolk javelineers (D)
  A yaktaur captain (D)
  4 deep elf high priests (D)
  A rakshasa (D)
  3 spriggan air magi (D)
  5 hydras (D)
  2 catoblepae (D)
  3 centaur warriors (D)
  A stoker (D)
  A two-headed ogre (shapeshifter) (D)
  A death yak (D)
  7 dancing weapons (D)
  5 hell hogs (D)
  2 vampire magi (D)
  4 thrashing horrors (D)
  4 deep elf knights (D)
  A sun demon (D)
  2 soul eaters (D)
  A wretched star (D)
  A skyshark (shapeshifter) (D)
  2 sixfirhies (D)
  9 skeletal warriors (D)
  2 deep trolls (shapeshifter) (D)
  A sea snake (shapeshifter) (D)
  An orb spider (shapeshifter) (D)
  A lindwurm (shapeshifter) (D)
  2 deep elf archers (D)
  2 steelbarb worms (shapeshifter) (D)
  2 orc knights (D)
  7 necromancers (D)
  A shining eye (shapeshifter) (D)
  7 deep elf zephyrmancers (D)
  An orc sorcerer (D)
  A wolf spider (shapeshifter) (D)
  A mana viper (shapeshifter) (D)
  5 deep elf pyromancers (D)
  3 cyclopes (D)
  9 draconians (D)
  3 rust devils (D)
  A worldbinder (D)
  A water nymph (shapeshifter) (D)
  2 eyes of devastation (shapeshifter) (D)
  A slime creature (D)
  3 elephants (D)
  2 apocalypse crabs (D)
  3 smoke demons (D)
  3 large abominations (D)
  An orange demon (D)
  5 cane toads (D)
  6 rime drakes (D)
  An unseen horror (shapeshifter) (D)
  5 komodo dragons (D)
  6 freezing wraiths (D)
  A yaktaur (shapeshifter) (D)
  2 ice devils (D)
  3 yaktaurs (D)
  An efreet (D)
  2 ancient zymes (D)
  2 red devils (D)
  3 polar bears (D)
  3 trolls (shapeshifter) (D)
  7 wind drakes (D)
  A meliai (shapeshifter) (D)
  2 tarantellas (shapeshifter) (D)
  3 blink frogs (D)
  2 hellwings (D)
  A dream sheep (D)
  A jumping spider (shapeshifter) (D)
  A raiju (D)
  2 air elementals (D)
  A flying skull (D)
  4 vampires (D)
  A culicivora (shapeshifter) (D)
  15 small abominations (D)
  A yak (shapeshifter) (D)
  8 shadows (D)
  4 ynoxinuls (D)
  5 yaks (D)
  2 fire elementals (D)
  2 wraiths (D)
  A basilisk (shapeshifter) (D)
  3 redbacks (shapeshifter) (D)
  A golden eye (shapeshifter) (D)
  A golden eye (D)
  2 chaos spawn (D)
  A neqoxec (D)
  2 wargs (D)
  A hell hound (D)
  3 water moccasins (D)
  5 ice beasts (D)
  16 orc warriors (D)
  A black bear (shapeshifter) (D)
  6 centaurs (D)
  A wolf (D)
  3 ogres (D)
  4 necrophages (D)
  A bullfrog (D)
  12 wights (D)
  2 quasits (D)
  4 orc priests (D)
  2 jellies (D)
  3 iron imps (D)
  2 iguanas (D)
  4 orc wizards (D)
  A hell rat (D)
  A river rat (D)
  7 white imps (D)
  4 ufetubi (D)
  2 adder zombies (D)
  4 adder skeletons (D)
  An orc (D)
  3 bat skeletons (D)
  6 bat zombies (D)
  A jackal (D)
  A ball python simulacrum (D)
  4 ball python skeletons (D)
  2 ball python zombies (D)
  A quokka skeleton (D)
  2 quokka zombies (D)
  A rat (shapeshifter) (D)
  A creeping inferno (D)
  A fire vortex (D)
  A lurking horror (D)
484 creatures vanquished.

Vanquished Creatures (collateral kills)
  A deep elf sorcerer (D)
  A sun demon (D)
  2 draconians (D)
  An orc warrior (D)
  A river rat (D)
  A white imp (D)
  An adder simulacrum (D)
8 creatures vanquished.

Vanquished Creatures (others)
  A deep elf annihilator (D)
  A hell hog (D)
  A polar bear (D)
  A fire vortex (D)
4 creatures vanquished.

Grand Total: 496 creatures vanquished

Notes
Turn   | Place    | Note
-------+----------+-------------------------------------------
     0 | D        | bmack86 the Minotaur Fighter began the quest for the Orb.
     0 | D        | Reached XP level 1. HP: 19/19 MP: 0/0
     4 | D        | Found a shimmering blue altar of Sif Muna.
     4 | D        | Found a bloodstained altar of Trog.
     4 | D        | Found a sacrificial altar of Ru.
     4 | D        | Found a stormy altar of Qazlal.
     4 | D        | Found an iron altar of Okawaru.
     5 | D        | Found a sparkling altar of Nemelex Xobeh.
     5 | D        | Found a blossoming altar of Fedhas.
     5 | D        | Found the +6 Majin-Bo {spellvamp, MP+6 Int+6}
     5 | D        | Found the +27 heavy crossbow "Sniper" {heavy, Acc+∞ SInv}
     5 | D        | Found the +10 dark maul {heavy}
     5 | D        | Found the +15 Maxwell's patent armour {-Cast -Tele rElec
                  | Will+ rCorr}
     5 | D        | Found the +18 shield of the Gong {Loud rN+ Will+ rCorr
                  | EV-5}
     5 | D        | Found the +16 obsidian axe {drain, demonic, Mesm Drain Fly
                  | SInv}
     5 | D        | Found the +7 great mace "Firestarter" {flame, immolate,
                  | rFlCloud rF++}
     5 | D        | Found the +6 shillelagh "Devastator" {shatter}
     5 | D        | Found the +11 plutonium sword {Contam Stlth-}
     5 | D        | Found the +8 lance "Wyrmbane" {slay drac, rPois rF+ rC+
                  | AC+3}
     5 | D        | Found the +9 sword of Zonguldrok {reap}
     5 | D        | Found the +13 scythe of Curses {drain, curses, Drain}
     5 | D        | Found the +9 sword of Power {lifebolt}
     5 | D        | Found the +7 mace of Variability {chaos, chaos arc}
     5 | D        | Found the +11 Singing Sword {sonic wave}
     5 | D        | Found the +8 storm bow {elec, penet}
     7 | D        | Found a transporter.
     7 | D        | Found an ancient bone altar of Kikubaaqudgha.
     7 | D        | Found a viscous altar of Jiyva.
     7 | D        | Found a corrupted altar of Lugonu.
     7 | D        | Found a hazy altar of Hepliaklqana.
     7 | D        | Found a burning altar of Makhleb.
     7 | D        | Found an opulent altar of Gozag.
    67 | D        | Became a worshipper of Qazlal Stormbringer
    68 | D        | Reached skill level 5 in Fighting
    68 | D        | Reached skill level 5 in Armour
    68 | D        | Reached skill level 5 in Shields
    68 | D        | Reached XP level 2. HP: 29/29 MP: 1/1
   101 | D        | Entered arena 2.
   101 | D        | Noticed a sun demon
   101 | D        | Found a transporter.
   108 | D        | Killed a sun demon
   108 | D        | Reached * piety under Qazlal
   109 | D        | Reached skill level 10 in Axes
   109 | D        | Reached XP level 3. HP: 20/41 MP: 1/5
   109 | D        | Reached XP level 4. HP: 25/49 MP: 1/6
   109 | D        | Reached XP level 5. HP: 28/55 MP: 1/7
   109 | D        | Reached XP level 6. HP: 31/62 MP: 1/8
   109 | D        | Reached XP level 7. HP: 35/69 MP: 1/9
   113 | D        | Got the ring "Obyeloro" {Will++ Str+3 Int+2 Slay+4}
   246 | D        | Entered arena 3.
   246 | D        | Noticed an ice devil
   246 | D        | Found a transporter.
   250 | D        | Reached skill level 5 in Invocations
   250 | D        | Killed an ice devil
   251 | D        | Reached skill level 5 in Evocations
   251 | D        | Reached ** piety under Qazlal
   259 | D        | Got the Vellum of Changing and the Deep Freeze
   265 | D        | Entered arena 4.
   265 | D        | Noticed a slime creature
   265 | D        | Noticed a slime creature
   265 | D        | Found a transporter.
   271 | D        | Killed a large slime creature
   272 | D        | Reached XP level 8. HP: 78/78 MP: 11/11
   283 | D        | Entered arena 5.
   283 | D        | Noticed a polar bear
   283 | D        | Found a transporter.
   285 | D        | Reached *** piety under Qazlal
   287 | D        | Killed a polar bear
   300 | D        | Got the amulet "Effec" {Will+ Regen+ rCorr}
   308 | D        | Entered arena 6.
   308 | D        | Noticed a draconian
   308 | D        | Noticed a draconian
   308 | D        | Noticed a draconian
   308 | D        | Noticed a draconian
   308 | D        | Noticed a draconian
   308 | D        | Found a transporter.
   313 | D        | Killed a draconian
   314 | D        | Reached skill level 10 in Fighting
   314 | D        | Reached skill level 10 in Armour
   314 | D        | Reached skill level 10 in Shields
   315 | D        | Killed a draconian
   316 | D        | Reached XP level 9. HP: 86/86 MP: 6/13
   316 | D        | Killed a draconian
   316 | D        | Reached **** piety under Qazlal
   319 | D        | Killed a draconian
   320 | D        | Killed a draconian
   369 | D        | Entered arena 7.
   369 | D        | Found the +7 Kryia's mail coat {PotionHeal*2 rC+}
   369 | D        | Found the +5 Lochaber axe {reach-cleave, Poleaxe Drain}
   369 | D        | Noticed a deep elf zephyrmancer
   369 | D        | Noticed a +2 halberd of venom
   369 | D        | Noticed a +2 halberd of venom
   369 | D        | Noticed a deep elf zephyrmancer
   369 | D        | Noticed a deep elf zephyrmancer
   369 | D        | Noticed a deep elf zephyrmancer
   371 | D        | Found a transporter.
   373 | D        | Killed a +2 halberd of venom
   374 | D        | Reached skill level 15 in Axes
   375 | D        | Killed a +2 halberd of venom
   375 | D        | Reached ***** piety under Qazlal
   376 | D        | Reached XP level 10. HP: 54/97 MP: 15/15
   378 | D        | Killed a deep elf zephyrmancer
   378 | D        | Killed a deep elf zephyrmancer
   378 | D        | Killed a deep elf zephyrmancer
   378 | D        | Killed a deep elf zephyrmancer
   479 | D        | Entered arena 8.
   480 | D        | Found a transporter.
   502 | D        | Entered arena 9.
   502 | D        | Noticed a cane toad
   503 | D        | Found a transporter.
   503 | D        | Reached ****** piety under Qazlal
   507 | D        | Killed a cane toad
   513 | D        | Got the +2 pair of gloves "Peuru" {rF+}
   531 | D        | Entered arena 10.
   532 | D        | Found a transporter.
   550 | D        | Got the amulet "Dirryesi" {Faith Slay+3}
   561 | D        | Entered arena 11.
   561 | D        | Noticed a draconian
   561 | D        | Noticed a draconian
   561 | D        | Noticed a green draconian
   561 | D        | Noticed a black draconian
   561 | D        | Noticed a draconian
   561 | D        | Noticed a black draconian
   561 | D        | Noticed a draconian
   561 | D        | Noticed a draconian
   561 | D        | Noticed a draconian
   564 | D        | Found a transporter.
   569 | D        | Killed a draconian
   571 | D        | Killed a draconian
   571 | D        | Killed a draconian
   571 | D        | Killed a draconian
   572 | D        | Reached skill level 10 in Invocations
   572 | D        | Reached XP level 11. HP: 91/107 MP: 1/17
   573 | D        | Killed a green draconian
   574 | D        | Killed a black draconian
   578 | D        | Killed a black draconian
   579 | D        | Reached skill level 10 in Evocations
   601 | D        | Got the +1 pair of gloves of Lesser Demons {rElec rN+
                  | rCorr}
   681 | D        | Entered arena 12.
   681 | D        | Noticed a balrug
   681 | D        | Noticed a hell hog
   681 | D        | Noticed a balrug
   681 | D        | Noticed a hell hog
   681 | D        | Noticed a stoker
   681 | D        | Noticed a hell hog
   681 | D        | Noticed a hell hog
   681 | D        | Noticed a dread lich
   681 | D        | Noticed a hell hog
   683 | D        | Killed a balrug
   683 | D        | Killed a hell hog
   683 | D        | Killed a balrug
   683 | D        | Killed a hell hog
   685 | D        | Noticed a Tzitzimitl
   687 | D        | Killed a hell hog
   688 | D        | Killed a hell hog
   693 | D        | Killed a stoker
   695 | D        | Noticed a blizzard demon
   695 | D        | Killed a hell hog
   696 | D        | Reached XP level 12. HP: 64/118 MP: 3/19
   704 | D        | Killed a dread lich
   705 | D        | Reached skill level 15 in Shields
   706 | D        | Found a transporter.
   723 | D        | Got Sorcery and You
   808 | D        | Entered arena 13.
   808 | D        | Noticed a lich
   808 | D        | Noticed a vampire knight
   809 | D        | Noticed a lich
   811 | D        | Reached skill level 15 in Fighting
   811 | D        | Reached skill level 15 in Armour
   812 | D        | Found a transporter.
   818 | D        | Killed a lich
   822 | D        | Killed a lich
   824 | D        | Killed a vampire knight
   856 | D        | Entered arena 14.
   856 | D        | Noticed a deep elf blademaster
   856 | D        | Noticed a deep elf master archer
   857 | D        | Identified the ring "Malole" {Fly rF+ rC+ rCorr}
   857 | D        | Noticed a deep elf sorcerer
   858 | D        | Noticed a deep elf blademaster
   858 | D        | Noticed a deep elf annihilator
   860 | D        | Killed a deep elf blademaster
   860 | D        | Killed a deep elf annihilator
   861 | D        | Found a transporter.
   862 | D        | Killed a deep elf master archer
   863 | D        | Reached XP level 13. HP: 114/130 MP: 3/21
   865 | D        | Killed a deep elf sorcerer
   866 | D        | Killed a deep elf blademaster
   972 | D        | Entered arena 15.
   972 | D        | Paralysed by an air elemental for 1 turns
   973 | D        | Identified the staff of fire "Gieddab" {+Blink rPois rF+
                  | Dex-2}
   973 | D        | Noticed a titan
   985 | D        | Killed a titan
   986 | D        | Found a transporter.
  1082 | D        | Entered arena 16.
  1082 | D        | Noticed a profane servitor
  1082 | D        | Noticed a cyan very ugly thing
  1082 | D        | Noticed a cacodemon
  1083 | D        | Noticed an angel
  1087 | D        | Gained mutation: You have hidden genetic defects. [a
                  | cacodemon]
  1091 | D        | Killed a cyan very ugly thing
  1091 | D        | Killed an angel
  1091 | D        | Killed a cacodemon
  1095 | D        | Killed a profane servitor
  1097 | D        | Found the +3 hat of Pondering {ponderous, Will+ MP+10
                  | Int+5}
  1099 | D        | Found a transporter.
  1104 | D        | Gained mutation: Your body sometimes deteriorates upon
                  | taking damage. [hidden defects]
  1127 | D        | Got the Quarto of the Aerial Throng
  1209 | D        | Entered arena 17.
  1210 | D        | Noticed a death cob
  1210 | D        | Noticed an Orb Guardian
  1211 | D        | Noticed a black draconian
  1211 | D        | Noticed a black draconian
  1211 | D        | Noticed a shadow dragon
  1211 | D        | Noticed a white draconian
  1211 | D        | Noticed a purple draconian
  1211 | D        | Noticed an Orb Guardian
  1212 | D        | Noticed a red draconian
  1212 | D        | Noticed a black draconian
  1213 | D        | Killed an Orb Guardian
  1213 | D        | Killed a purple draconian
  1213 | D        | Killed an Orb Guardian
  1213 | D        | Identified the ring "Kusacize" {EV+5 Str+5}
  1213 | D        | Noticed a purple draconian shifter
  1214 | D        | Killed a white draconian
  1214 | D        | Killed a purple draconian shifter
  1214 | D        | Killed a black draconian
  1214 | D        | Killed a black draconian
  1214 | D        | Killed a shadow dragon
  1214 | D        | Noticed a white draconian
  1215 | D        | Reached skill level 15 in Invocations
  1215 | D        | Reached XP level 14. HP: 144/144 MP: 8/24
  1220 | D        | Killed a death cob
  1234 | D        | Gained mutation: You are clumsy. (Dex -2) [hidden defects]
  1234 | D        | Lost mutation: You have hidden genetic defects. [hidden
                  | defects expressed]
  1235 | D        | Found a transporter.
  1254 | D        | Got the Handbook of the Seven Ears
  1360 | D        | Entered arena 18.
  1361 | D        | Noticed Fiwkypekk the pandemonium lord
  1362 | D        | Noticed a balrug
  1363 | D        | Killed a balrug
  1363 | D        | Noticed a balrug
  1365 | D        | Identified the +10 fire dragon scales of Bursted the Leaf
                  | {+Inv rF++ rC- rN+ Int+3}
  1366 | D        | Killed a balrug
  1368 | D        | Killed Fiwkypekk the pandemonium lord
  1372 | D        | Found a transporter.
  1407 | D        | Got the Information on Overhead Ectoplasm
  1435 | D        | Entered arena 19.
  1436 | D        | Noticed a vampire knight
  1437 | D        | Identified the +10 flail of the Warrior {drain, rC+++ Int-2
                  | Dex+2 SInv}
  1437 | D        | Noticed a vampire knight
  1442 | D        | Found a transporter.
  1444 | D        | Killed a vampire knight
  1446 | D        | Killed a vampire knight
  1483 | D        | Got the Compilation of the Pill Bug
  1507 | D        | Entered arena 20.
  1511 | D        | Identified the ring of Nozet {rN+ rCorr MP+9 Str+6 Dex-4}
  1511 | D        | Noticed a stone giant
  1512 | D        | Identified the ring of Botig {Ice rElec rN+ Str+4 Int-3}
  1512 | D        | Identified the amulet of the Priest {RegenMP rElec rC+
                  | Str+4}
  1512 | D        | Identified the +10 bardiche "Vogac" {venom, rC+ rCorr SInv}
  1513 | D        | Killed a stone giant
  1520 | D        | Reached skill level 27 in Axes
  1520 | D        | Found a transporter.
  1571 | D        | Entered arena 21.
  1574 | D        | Noticed a stone giant
  1575 | D        | Noticed a stone giant
  1575 | D        | Noticed a deep elf master archer
  1575 | D        | Found the +8 demon trident "Rift" {distort, reach+}
  1575 | D        | Identified the ring "Woj Peusk" {rF+ MP+9}
  1575 | D        | Noticed a deep elf master archer
  1577 | D        | Reached XP level 15. HP: 157/157 MP: 27/27
  1577 | D        | Killed a deep elf master archer
  1577 | D        | Noticed a deep elf master archer
  1578 | D        | Killed a deep elf master archer
  1578 | D        | Killed a deep elf master archer
  1578 | D        | Identified the +7 spear of Cavi {freeze, Int+3 Dex+2}
  1579 | D        | Identified the staff of earth "Caanoloe" {Int+5} (You took
                  | it off a centaur in the Dungeon)
  1582 | D        | Found a transporter.
  1627 | D        | Got Fera's Guidebook on Flammable Conjury
  1709 | D        | Entered arena 22.
  1712 | D        | Noticed a red draconian scorcher
  1712 | D        | Identified the +3 broad axe "Orb Guardian's Death" {flame,
                  | *Rage MP+9 Str+10 Dex-5}
  1713 | D        | Noticed a green draconian monk
  1713 | D        | Noticed a red draconian scorcher
  1713 | D        | Identified the ring of Relativism {rPois EV+5 Str+3 Int+2
                  | Dex-2}
  1714 | D        | Killed a green draconian monk
  1714 | D        | Killed a red draconian scorcher
  1714 | D        | Identified the +3 whip of Embarrassment {speed, rPois rC+
                  | Str+5 Int-2 Dex+3}
  1715 | D        | Killed a red draconian scorcher
  1715 | D        | Identified the ring of Qotretsa {rC+ SInv}
  1717 | D        | Identified the +1 dire flail of Conflict {drain, rElec
                  | Will+}
  1727 | D        | Found a transporter.
  1785 | D        | Got the +0 pair of boots "Alechelo" {rElec Will- Regen+
                  | MP+9}
  1838 | D        | Entered arena 23.
  1846 | D        | Reached XP level 16. HP: 174/174 MP: 30/30
  1849 | D        | Found a transporter.
  1861 | D        | Acquired a manual of Summonings
  1877 | D        | Got the amulet "Edynli Kewke" {Acrobat rN+ Dex+3}
  1888 | D        | Got the Spellbook of the Faeries
  1895 | D        | Got the ring "Bin Bext" {EV+5 Int+2}
  1926 | D        | Got the Meditations on Combined Doom
  1933 | D        | Entered arena 24.
  1938 | D        | Noticed a deep elf master archer
  1938 | D        | Noticed a deep elf master archer
  1939 | D        | Noticed a deep elf blademaster
  1939 | D        | Noticed a deep elf master archer
  1939 | D        | Identified the ring of Suspected Treachery {Ice rCorr Int-5
                  | Dex-4 SInv}
  1940 | D        | Killed a deep elf master archer
  1940 | D        | Killed a deep elf blademaster
  1940 | D        | Noticed a deep elf master archer
  1940 | D        | Noticed a deep elf master archer
  1941 | D        | Killed a deep elf master archer
  1941 | D        | Killed a deep elf master archer
  1941 | D        | Killed a deep elf master archer
  1944 | D        | Noticed a deep elf blademaster
  1944 | D        | Noticed a deep elf master archer
  1946 | D        | Killed a deep elf master archer
  1946 | D        | Killed a deep elf master archer
  1946 | D        | Killed a deep elf blademaster
  1949 | D        | Found a transporter.
  1954 | D        | Killed a deep elf master archer
  2034 | D        | Entered arena 25.
  2039 | D        | Noticed a shard shrike
  2040 | D        | Noticed a shard shrike
  2041 | D        | Noticed a shard shrike
  2041 | D        | Noticed a shard shrike
  2042 | D        | Killed a shard shrike
  2042 | D        | Killed a shard shrike
  2042 | D        | Killed a shard shrike
  2042 | D        | Noticed a shard shrike
  2043 | D        | Reached skill level 27 in Fighting
  2043 | D        | Reached skill level 27 in Armour
  2043 | D        | Reached skill level 27 in Shields
  2043 | D        | Reached skill level 27 in Invocations
  2043 | D        | Reached XP level 17. HP: 191/191 MP: 33/33
  2045 | D        | a shard shrike changed into a juggernaut
  2045 | D        | Noticed a juggernaut (glowing shapeshifter)
  2046 | D        | a shard shrike changed into a juggernaut
  2046 | D        | Noticed a juggernaut (glowing shapeshifter)
  2047 | D        | a juggernaut changed into a titan
  2047 | D        | Noticed a titan (glowing shapeshifter)
  2048 | D        | Killed a titan
  2049 | D        | Killed a juggernaut
  2050 | D        | Reached skill level 10 in Dodging
  2051 | D        | Found the +10 tower shield of Ignorance {rN+ Int-4}
  2051 | D        | Noticed an acid blob
  2052 | D        | an acid blob changed into a dire elephant
  2053 | D        | Found the +2 hood of the Assassin {Detect Stab+ Stlth++}
  2053 | D        | an iron dragon changed into a caustic shrike
  2053 | D        | Noticed a caustic shrike (glowing shapeshifter)
  2056 | D        | a caustic shrike changed into a frost giant
  2060 | D        | Found a transporter.
  2060 | D        | Found the +8 Wrath of Trog {antimagic, *Rage Rampage}
  2086 | D        | Got the amulet of Cowardice {rN+ Regen+ Int+2 Dex+3}
  2157 | D        | Entered arena 26.
  2164 | D        | Noticed a lich
  2166 | D        | Identified the +6 chain mail of Lies {-Cast +Blink rC+
                  | Str+4}
  2168 | D        | Noticed a lich
  2169 | D        | Killed a lich
  2169 | D        | Found the +2 shield of Resistance {rF++ rC++ Will++}
  2170 | D        | Reached skill level 10 in Stealth
  2170 | D        | Identified the +8 war axe of Oplivved {heavy, +Blink rC++}
  2171 | D        | Identified the staff of cold "Ladduam" {rC+ Int+4}
  2173 | D        | Killed a lich
  2174 | D        | Found the +5 Force Lance {heavy, knockback}
  2175 | D        | Found a transporter.
  2236 | D        | Got the Compilation of Haze
  2243 | D        | Got the ring "Qomyvaf" {Ice rCorr Dex+4}
  2251 | D        | Entered arena 27.
  2259 | D        | Noticed Goduwn the pandemonium lord
  2260 | D        | Noticed Suxteiru the pandemonium lord
  2260 | D        | Noticed a bone dragon
  2262 | D        | Reached skill level 15 in Dodging
  2262 | D        | Reached skill level 15 in Evocations
  2262 | D        | Killed Goduwn the pandemonium lord
  2263 | D        | Killed a bone dragon
  2263 | D        | Killed Suxteiru the pandemonium lord
  2263 | D        | Noticed a bone dragon
  2264 | D        | Reached skill level 15 in Throwing
  2270 | D        | Killed a bone dragon
  2278 | D        | Found a transporter.
  2281 | D        | Reached XP level 18. HP: 130/200 MP: 18/34
  2294 | D        | Got the amulet "Keoley" {Faith Str+4}
  2308 | D        | Acquired a manual of Staves
  2333 | D        | Got the Vellum of the Coruscating Switch
  2345 | D        | Got the Octavo of Bombardment
  2355 | D        | Got the amulet "Ujuwohil" {Faith -Cast Rampage rF+++ Dex-2}
  2359 | D        | Got Advanced Steps in the Hermit's Heritage
  2366 | D        | Got the ring of Sukuovve {rN+ rCorr}
  2425 | D        | Entered arena 28.
  2432 | D        | Noticed an Ice Fiend
  2434 | D        | Found the +3 giant club "Skullcrusher" {speed, Str+7}
  2436 | D        | Noticed an Ice Fiend
  2437 | D        | Noticed an Ice Fiend
  2448 | D        | Reached skill level 15 in Stealth
  2448 | D        | Killed an Ice Fiend
  2456 | D        | HP: 11/300 [??? (7)]
  2456 | D        | Killed from afar by an Ice Fiend

Illustrated notes

Levels and vault maps discovered:
D:        sprint_v [room_start, room_1, room_2, room_3, room_4, room_5, room_6,
          room_7, room_8, room_9, room_10, room_11, room_12, room_13, room_14,
          room_15, room_16, room_17, room_18, room_19, room_20, room_21,
          room_22, room_23, room_24, room_25, room_26, room_27]

Skill      XL: |  1  2  3  4  5  6  7  8  9 10 11 12 13 14 15 16 17 18 |
---------------+-------------------------------------------------------+-----
Fighting       | 5 8 9 10 11 13 14 16 18 20 23 27 | 27.0
Axes           | 6 10 12 13 15 17 19 21 24 27 | 27.0
Armour         | 5 8 9 10 11 13 14 16 18 20 23 27 | 27.0
Shields        | 5 8 9 10 11 13 14 16 18 20 23 27 | 27.0
Invocations    | 4 6 7 8 10 11 13 15 18 23 27 | 27.0
Evocations     | 4 5 6 8 9 10 12 14 16 17 | 17.2
Throwing       | 7 15 16 | 16.6
Dodging        | 8 17 18 | 18.1
Stealth        | 6 14 15 | 15.4

Action                     |  1- 3 |  4- 6 |  7- 9 | 10-12 | 13-15 | 16-18 || total
---------------------------+-------+-------+-------+-------+-------+-------++-------
  Melee: Broad axe         |     6 |       |    23 |    53 |    62 |    45 ||   189
         Headbutt          |       |       |     7 |     5 |    14 |     7 ||    33
 Invoke: Elemental Force   |       |       |     1 |       |       |       ||     1
         Disaster Area     |       |       |       |     7 |    26 |    12 ||    45
         Upheaval          |       |       |       |       |       |     2 ||     2
  Evoke: Wand              |       |       |     1 |       |       |     1 ||     2
    Use: Potion            |     2 |       |     1 |     2 |     5 |       ||    10
         Scroll            |       |       |       |     2 |       |     3 ||     5
   Stab: Distracted        |       |       |       |     1 |       |     1 ||     2
 Armour: Plate armour      |     3 |       |     8 |    25 |    45 |    18 ||    99
  Dodge: Dodged            |       |       |       |     2 |     7 |    12 ||    21
         Repelled          |       |       |       |       |       |     2 ||     2
  Block: Kite shield       |     4 |       |    28 |    78 |   137 |    70 ||   317

Table legend: (Time is in decaauts)
 A = Elapsed time spent in this place.
 B = Non-inter-level travel time spent in this place.
 C = Inter-level travel time spent in this place.
 D = Time resting spent in this place.
 E = Time spent auto-exploring this place.
 F = Levels seen in this place.
 G = Mean time per level.
                   A        B        C        D        E       F      G
               +--------+--------+--------+--------+--------+-----+--------+
         Total |   2475 |   2475 |      0 |    739 |      0 |   1 | 2475.0 |
       Dungeon |   2475 |   2475 |      0 |    739 |      0 |   1 | 2475.0 |
               +--------+--------+--------+--------+--------+-----+--------+

Top non-repeatable levels by time:
       D: 2475 daAuts
